Workbook
Name AbaDeprec: #REF!
Name AbaRemun: #REF!

Sheet SUMARIO
B6: SUMÁRIO
B8: 1. RESUMO
B10: 2. DADOS DE ENTRADA
B12: 3. PREÇOS UNITÁRIOS
B14: 4. COLETA COMUM
B16: 5. COLETA SELETIVA
B18: 6. DISPOSIÇÃO FINAL DE REJEITOS
B20: 7. COLETA E DISPOSIÇÃO FINAL DE VOLUMOSOS
B22: 8. ADMINISTRAÇÃO LOCAL

Sheet 1. RESUMO
A7: PLANILHA RESUMO
A8: SERVIÇOS | B8: UN. | C8: QUANTIDADE | D8: PREÇO UNITÁRIO (R$) | E8: PREÇO TOTAL MENSAL (R$) | F8: PREÇO TOTAL ANUAL(R$) | G8: PREÇO TOTAL DO CONTRATO ANOS (R$)
A9: LOTE 1
A10: COLETA COMUM | B10: EQUIPE | C10: 1 | D10: 23636.99 | E10: 23636.99 | F10: 283643.88 | G10: 1134575.5
A11: COLETA SELETIVA | B11: EQUIPE | C11: 1 | D11: 11423.15 | E11: 11423.15 | F11: 137077.8 | G11: 548311.2
A12: DISPOSIÇÃO FINAL DE REJEITOS | B12: UNIDADE | C12: 1 | D12: 7437.19 | E12: 7437.19 | F12: 89246.28 | G12: 356985.12
A13: COLETA E DISPOSIÇÃO FINAL DE VOLUMOSOS | B13: EQUIPE | C13: 1 | D13: 5204.22 | E13: 5204.22 | F13: 62450.64 | G13: 249802.56
D14: TOTAL | E14: 47701.55 | F14: 572418.6 | G14: 2289674.4
D15: 47701.55
A16: Anos de contrato: | B16: 4
A18: COLETA COMUM | B18: EQUIPE | C18: 1 | D18: 23636.99 | E18: 23636.99 | F18: 283643.88 | G18: 1134575.5
A19: COLETA SELETIVA | B19: EQUIPE | C19: 1 | D19: 11423.15 | E19: 11423.15 | F19: 137077.8 | G19: 548311.2
A20: DISPOSIÇÃO FINAL DE REJEITOS | B20: UNIDADE | C20: 1 | D20: 7437.19 | E20: 7437.19 | F20: 89246.28 | G20: 356985.12
A21: COLETA E DISPOSIÇÃO FINAL DE VOLUMOSOS | B21: EQUIPE | C21: 1 | D21: 5046.44 | E21: 5046.44 | F21: 60557.28 | G21: 242229.12
D22: TOTAL | E22: 47543.77 | F22: 570525.24 | G22: 2282101
E24: 157.78
H25: 7573.44

Sheet 2. DADOS DE ENTRADA
A6: 1 | B6: Insalubridade
B7: Cargo | C7: Insalubridade | D7: Base de Cálculo
A8: 1.1 | B8: Motorista Diurno | C8: 0.2 | D8: 1
A9: 1.1 | B9: Motorista Noturno | C9: 0.2 | D9: 1
A10: 1.1 | B10: Coletor Diurno | C10: 0.4 | D10: 2
A11: 1.1 | B11: Coletor Noturno | C11: 0.4 | D11: 2
A12: 1.1 | B12: Encarregado de Operação | C12: 0.2 | D12: 2
A13: 1.1 | B13: Educador Ambiental | C13: 0 | D13: 0
A14: 1.1 | B14: Encarregado de Operação Diurno | C14: 0.2 | D14: 2
A15: 1.1 | B15: Operador de Máquina Diurno | C15: 0.2 | D15: 1
A16: 1.1 | B16: Ajudante | C16: 0.4 | D16: 2
A17: 1.1 | B17: Vigia Diurno | C17: 0.2 | D17: 2
A18: 1.1 | B18: Vigia Noturno | C18: 0.2 | D18: 2
A20: 2 | B20: Número de Equipes
B21: Coleta comum e seletiva
A22: 2 | C22: COLETA COMUM | E22: COLETA SELETIVA | G22: COLETA VOLUMOSOS
B23: Cargo | C23: Coleta Diurna Turno 1 | D23: Reserva Técnica Diurno | E23: Coleta Diurno Turno 1 | F23: Reserva técnica Diurno Seletivo | G23: Coleta Diurna Turno 1 | H23: Reserva Técnica Diurno
A24: 2.2 | B24: Motorista Diurno | C24: 1 | E24: 1 | G24: 1
A25: 2.2 | B25: Motorista Noturno
A26: 2.2 | B26: Coletor Diurno | C26: 2 | E26: 2 | G26: 1
A27: 2.2 | B27: Coletor Noturno
A28: 2.2 | B28: Operador de Máquina Diurno
A29: 2.2 | B29: Vigia Diurno
A30: 2.2 | B30: Vigia Noturno
A32: 2.1 | B32: Encarregados e Fiscais
B34: Cargo | C34: Coleta Conv. | D34: Coleta Seletiva | H34: Transbordo | I34: Volumosos
A35: 2.1.1 | B35: Encarregado de Operação
A36: 2.1.1 | B36: Educador Ambiental
A37: 2.1.1 | B37: Fiscal de Operação Noturno
A38: 2.1.1 | B38: Encarregado de Operação Diurno | C38: 0 | D38: 0
A39: 2.1.1 | B39: Operador de Máquina Diurno
A40: 2.1.1 | B40: Vigia Diurno
A41: 2.1.1 | B41: Vigia Noturno
A43: 3 | B43: Hora Extra 50% | D43: COLETA COMUM | F43: COLETA SELETIVA | H43: Transbordo | J43: Volumosos
B44: Cargo | C44: Hora Extra 50% | D44: Número de horas | E44: Número de horas (22h as 05h) | F44: Número de horas | G44: Número de horas (22h as 05h) | H44: Número de horas | I44: Número de horas (22h as 05h) | J44: Número de horas | K44: Número de horas (22h as 05h)
A45: 3.1 | B45: Motorista Diurno | C45: 0.5 | D45: 0 | F45: 0 | H45: 0 | J45: 0
A46: 3.1 | B46: Motorista Noturno | C46: 0.5 | D46: 0 | F46: 0 | H46: 0 | J46: 0
A47: 3.1 | B47: Motorista Noturno | C47: 0.5 | D47: - | E47: 0 | F47: - | G47: 0 | H47: - | I47: 0 | J47: - | K47: 0
A48: 3.1 | B48: Coletor Diurno | C48: 0.5 | D48: 0 | F48: 0 | H48: 0 | J48: 0
A49: 3.1 | B49: Coletor Noturno | C49: 0.5 | D49: 0 | F49: 0 | H49: 0 | J49: 0
A50: 3.1 | B50: Coletor Noturno | C50: 0.5 | D50: - | E50: 0 | F50: - | G50: 0 | H50: - | I50: 0 | J50: - | K50: 0
A51: 3.1 | B51: Encarregado de Operação | C51: 0.5 | D51: 0 | F51: 0 | H51: 0 | J51: 0
A52: 3.1 | B52: Encarregado de Operação | C52: 0.5 | D52: - | E52: 0 | F52: - | G52: 0 | H52: - | I52: 0 | J52: - | K52: 0
A53: 3.1 | B53: Encarregado de Operação Diurno | C53: 0.5 | D53: 0 | F53: 0 | H53: 0 | J53: 0
A54: 3.1 | B54: Fiscal de Operação Noturno | C54: 0.5 | D54: 0 | F54: 0 | H54: 0 | J54: 0
A55: 3.1 | B55: Operador de Máquina Diurno | C55: 0.5 | D55: 0 | F55: 0
A56: 3.1 | B56: Vigia Diurno | C56: 0.5 | D56: 0 | F56: 0
A57: 3.1 | B57: Vigia Noturno | C57: 0.5 | D57: 0 | F57: 0
A59: 4 | B59: Hora Extra 100% | C59: Domingos e Feriados | D59: COLETA COMUM | F59: COLETA SELETIVA | H59: Mecanizada
B60: Cargo | C60: Hora Extra 100% | D60: Número de horas | E60: Número de horas (22h as 05h) | F60: Número de horas | G60: Número de horas (22h as 05h) | H60: Número de horas | I60: Número de horas (22h as 05h)
A61: 4.1 | B61: Motorista Diurno | C61: 1
A62: 4.1 | B62: Motorista Noturno | C62: 1
A63: 4.1 | B63: Motorista Noturno | C63: 1
A64: 4.1 | B64: Coletor Diurno | C64: 1
A65: 4.1 | B65: Coletor Noturno | C65: 1
A66: 4.1 | B66: Coletor Noturno | C66: 1
A67: 4.1 | B67: Encarregado de Operação | C67: 1
A68: 4.1 | B68: Encarregado de Operação | C68: 1
A69: 4.1 | B69: Encarregado de Operação Diurno | C69: 1
A70: 4.1 | B70: Fiscal de Operação | C70: 1
A71: 4.1 | B71: Fiscal de Operação Noturno | C71: 1
A72: 4.1 | B72: Operador de Máquina Diurno | C72: 1
... A74: 4.1 | B74: Vigia Noturno | C74: 1
A76: 5 | B76: Horas Trabalhadas no Mês
B77: Cargo | C77: Horas Trabalhadas
A78: 5.1 | B78: Motorista Diurno | C78: 220
A79: 5.1 | B79: Motorista Noturno | C79: 220
A80: 5.1 | B80: Coletor Diurno | C80: 220
A81: 5.1 | B81: Coletor Noturno | C81: 220
A82: 5.1 | B82: Encarregado de Operação | C82: 220
A83: 5.1 | B83: Educador Ambiental | C83: 220
A84: 5.1 | B84: Encarregado de Operação Diurno | C84: 220
A85: 5.1 | B85: Operador de Máquina Diurno | C85: 220
A86: 5.1 | B86: Vigia Diurno | C86: 220
A87: 5.1 | B87: Vigia Noturno | C87: 220
A89: 6 | B89: Dias Trabalhados no Mês
B90: Cargo | C90: Dias Trabalhados
A91: 6.1 | B91: Motorista Diurno | C91: 26
A92: 6.1 | B92: Motorista Noturno | C92: 26
A93: 6.1 | B93: Coletor Diurno | C93: 26
A94: 6.1 | B94: Coletor Noturno | C94: 26
A95: 6.1 | B95: Encarregado de Operação | C95: 26
A96: 6.1 | B96: Fiscal de Operação | C96: 26
A97: 6.1 | B97: Encarregado de Operação Diurno | C97: 26
A98: 6.1 | B98: Operador de Máquina Diurno | C98: 26
A99: 6.1 | B99: Vigia Diurno | C99: 26
A100: 6.1 | B100: Vigia Noturno | C100: 26
A102: 7 | B102: Quantidade de Vale Transporte no Mês
B103: Cargo | C103: Vale Transporte
A104: 7.1 | B104: Motorista Diurno | C104: 52
A105: 7.1 | B105: Motorista Noturno | C105: 52
A106: 7.1 | B106: Coletor Diurno | C106: 52
A107: 7.1 | B107: Coletor Noturno | C107: 52
A108: 7.1 | B108: Encarregado de Operação | C108: 52
A109: 7.1 | B109: Fiscal de Operação | C109: 52
A110: 7.1 | B110: Encarregado de Operação Diurno | C110: 52
A111: 7.1 | B111: Operador de Máquina Diurno | C111: 52
A112: 7.1 | B112: Vigia Diurno | C112: 52
A113: 7.1 | B113: Vigia Noturno | C113: 52
A115: 8 | B115: Quantidade de Vale Alimentação no Mês
...

Sheet 3. PREÇOS UNITÁRIOS
A6: PREÇOS UNITÁRIOS
A7: Itens | B7: Itens | C7: Unidade | D7: Preço (R$) | E7: Referência
A8: 1 | B8: Equipamento de Proteção Individual/uniformes
A9: 1.1 | B9: Jaqueta refletiva | C9: un. | D9: 207.59667 | E9: Paineis de Preços Públicos
A10: 1.2 | B10: Calça | C10: un. | D10: 50.566667 | E10: Paineis de Preços Públicos
A11: 1.3 | B11: Camisa | C11: un. | D11: 28.633333 | E11: Paineis de Preços Públicos
A12: 1.4 | B12: Calçado | C12: un. | D12: 37.116667 | E12: Paineis de Preços Públicos
A13: 1.5 | B13: Boné | C13: un. | D13: 30.863333 | E13: Paineis de Preços Públicos
A14: 1.6 | B14: Colete fiscal | C14: un. | D14: 38.006667 | E14: Paineis de Preços Públicos
A15: 1.7 | B15: Capa de chuva | C15: un. | D15: 18.72 | E15: Paineis de Preços Públicos
A16: 1.8 | B16: Luva | C16: un. | D16: 21.496667 | E16: Paineis de Preços Públicos
A17: 1.9 | B17: Óculos de sol/incolor | C17: un. | D17: 3.06 | E17: Paineis de Preços Públicos
A18: 1.10 | B18: Protetor solar | C18: un. | D18: 26.906667 | E18: Paineis de Preços Públicos
A19: 1.11 | B19: Meia cano longo | C19: un. | D19: 8.6333333 | E19: Paineis de Preços Públicos
A20: 1.12 | B20: Higienização | C20: un. | D20: 4.02 | E20: Cotação
A21: 2 | B21: Salário
A22: 2.1 | B22: Salário Mínimo | C22: mês | D22: 1621 | E22: Gov.
B23: Piso categoria
A24: 2.2 | B24: Motorista de estrada piso da categoria | C24: mês | D24: 2578 | E24: Convenção Coletiva
A25: 2.3 | B25: Motorista coletor de lixo urbano piso da categoria | C25: mês | D25: 2428 | E25: Convenção Coletiva
A26: 2.4 | B26: Coletor piso da categoria | C26: mês | D26: 2082.31 | E26: Convenção Coletiva
A27: 2.5 | B27: Operador de Máquina piso da categoria | C27: mês | D27: 2276 | E27: Convenção Coletiva
A28: 2.6 | B28: Ajudante piso da categoria | C28: mês | D28: 2082.31 | E28: Convenção Coletiva
A29: 2.7 | B29: Vigia piso da categoria | C29: mês | D29: 2551.5 | E29: Convenção Coletiva
B30: Salários adotados | F30: 1
A31: 2.8 | B31: Motorista de estrada | C31: mês | D31: 2578 | E31: Convenção Coletiva
A32: 2.9 | B32: Motorista coletor de lixo urbano | C32: mês | D32: 2428 | E32: Convenção Coletiva
A33: 2.10 | B33: Coletor | C33: mês | D33: 2082.31 | E33: Convenção Coletiva
A34: 2.11 | B34: Operador de Máquina | C34: mês | D34: 2276 | E34: Convenção Coletiva
A35: 2.12 | B35: Ajudante piso da categoria | C35: mês | D35: 2082.31 | E35: Convenção Coletiva
A36: 2.13 | B36: Vigia | C36: mês | D36: 2551.5 | E36: Convenção Coletiva
A37: 2.14 | B37: Encarregado de operação | C37: mês | D37: 4217.35 | E37: Base de preço RAIS
A38: 2.15 | B38: Gerente | C38: mês | D38: 5090.93 | E38: Base de preço RAIS
A39: 2.16 | B39: Auxiliar administrativo | C39: mês | D39: 1955 | E39: Convenção Coletiva
A40: 2.1 | B40: Benefícios
A41: 2.1.1 | B41: Vale transporte | C41: mês | D41: 0 | E41: Município
A42: 2.1.2 | B42: Vale refeição coletor | C42: dia | D42: 21.9915 | E42: Convenção Coletiva
A43: 2.1.3 | B43: Auxílio lanche coletor | C43: dia | D43: 10.9917 | E43: Convenção Coletiva
A44: 2.1.4 | B44: Beneficio Coletor (Plano de Benefício Familiar) | C44: mês | D44: 25.52 | E44: Convenção Coletiva
A45: 2.1.5 | B45: Vale refeição motorista | C45: dia | D45: 18.8 | E45: Convenção Coletiva
A46: 2.1.6 | B46: Beneficio Motorista (Cesta Básica) | C46: mês | D46: 120 | E46: Convenção Coletiva
A47: 2.1.7 | B47: Seguro de vida Motorista | C47: mês | D47: 18.28 | E47: SINAPI
A48: 3 | B48: Combustível
A49: 3.1 | B49: Preço óleo diesel | C49: litros | D49: 6.64 | E49: ANP 06/2026 São Leopoldo
A50: 3.2 | B50: Preço gasolina | C50: litros | D50: 6.2 | E50: ANP 06/2026 São Leopoldo
A51: 3.3 | B51: ARLA 32 | C51: litros | D51: 3.8658333 | E51: Paineis de Preços Públicos
A53: 4 | B53: Veículos/Equipamentos
A54: 4.1 | B54: Coleta Comum
A55: 4.1.1 | B55: Caminhão para caçamba coletora compactadora com capacidade de 15 m³ | C55: un. | D55: 535854 | E55: Fipe
A56: 4.1.2 | B56: Caçamba compactadora 15m³ | C56: un. | D56: 254866.67 | E56: Cotação
A57: 4.1.3 | B57: Dispositivo para coleta mecanizada (conteinerizada) | C57: un. | D57: 19333.333 | E57: Cotação
A58: 4.1.4 | B58: Veículo de apoio | C58: un. | D58: 110530 | E58: Fipe
A59: 4.1.5 | B59: Containers 1 m³ | C59: un. | D59: 2209.625 | E59: Cotação
A60: 4.2 | B60: Coleta Seletiva
A61: 4.2.1 | B61: Caminhão para caçamba coletora compactadora com capacidade de 15 m³ | C61: un. | D61: 535854 | E61: Fipe
A62: 4.2.2 | B62: Caçamba compactadora 15m³ | C62: un. | D62: 254866.67 | E62: Cotação
A63: 4.2.3 | B63: Veículo de apoio - Strada | C63: un. | D63: 110530 | E63: Fipe
A64: 4.2.4 | B64: Moto | C64: un. | D64: 20694
A65: 4.3 | B65: Coleta Volumosos
A66: 4.3.1 | B66: Chassi - Atego 2433 6x2 | C66: un. | D66: 635856 | E66: Cotação
A67: 4.3.2 | B67: Caçamba de 30m³ com equi. Roll On Roll Off e Munck | C67: un. | D67: 316496.67 | E67: Cotação
A68: 4.3.3 | B68: Caçamba Estacionária 5m³ | C68: un. | D68: 7251.175 | E68: Cotação
A69: 5 | B69: Imposto / licenciamento
A70: 5.1 | B70: IPVA caminhão coletor compactador | C70: un. | D70: 6358.56 | E70: Aplicado ao RS
A71: 5.2 | B71: IPVA caminhão coletor compactador | C71: un. | D71: 5358.54 | E71: Aplicado ao RS
A72: 5.3 | B72: IPVA do utilitário | C72: un. | D72: 3315.9 | E72: Aplicado ao RS
A73: 5.4 | B73: IPVA moto | C73: un. | D73: 413.88 | E73: Aplicado ao RS
A74: 5.5 | B74: Licenciam. caminhão coletor | C74: un. | D74: 114.09 | E74: Aplicado ao RS
A75: 5.6 | B75: Licenciam. do utilitário | C75: un. | D75: 114.09 | E75: Aplicado ao RS
A76: 5.7 | B76: Licenciam. Moto | C76: un. | D76: 114.09 | E76: Aplicado ao RS
A77: 5.8 | B77: Seguro | C77: un. | D77: 5105.1933 | E77: Paineis de Preços Públicos
A78: 6 | B78: Pneus / serviços
A79: 6.1 | B79: Caminhão Operacional
A80: 6.1.1 | B80: Pneu | C80: un. | D80: 1546.3333 | E80: Paineis de Preços Públicos
A81: 6.1.2 | B81: Recapagem | C81: un. | D81: 806.66667 | E81: Paineis de Preços Públicos
A82: 6.2 | B82: Frota auxiliar (utilitário)
A83: 6.2.1 | B83: Jogo de pneu - utilitario | C83: un. | D83: 288.48333 | E83: Paineis de Preços Públicos
A84: 6.2.2 | B84: Jogo de pneu dianteiro - moto | C84: un. | D84: 142.01333
A85: 6.2.3 | B85: Jogo de pneu traseiro- moto | C85: un. | D85: 142.01333
A86: 7 | B86: Lavação
A87: 7.1 | B87: Lavação complera de caminhão | C87: un. | D87: 239.76667 | E87: Paineis de Preços Públicos
A88: 7.2 | B88: Lavação complera de contentores | C88: un. | D88: 49.58 | E88: Paineis de Preços Públicos
A89: 7.3 | B89: Lavação frota auxiliar utilitário | C89: un. | D89: 63.046667 | E89: Paineis de Preços Públicos
A90: 7.4 | B90: Lavação frota auxiliar moto | C90: un. | D90: 25 | E90: Paineis de Preços Públicos
A91: 8 | B91: Monitoramento dos veículos
A92: 8.1 | B92: Implantação dos equipamentos de monitoramento | C92: un. | D92: 11.485714 | E92: Cotação
A93: 8.2 | B93: Custo mensal do monitoramento (localização + bloqueio de combustível + identificação de motorista) | C93: un. | D93: 134.8 | E93: Cotação
A94: 9 | B94: Manutenção
A95: 9.1 | B95: Manutenção | C95: R$/km | D95: 1.1983981 | E95: Orientação TCE-aplicado índice IPCA
A96: 9.2 | B96: Óleo motor - frota operacional | C96: R$/litro | D96: 15.8 | E96: Paineis de Preços Públicos
A97: 9.3 | B97: Óleo da Transmissão - frota operacional | C97: R$/litro | D97: 27.572 | E97: Paineis de Preços Públicos
A98: 9.4 | B98: Óleo hidráulico - frota operacional | C98: R$/litro | D98: 22.215 | E98: Paineis de Preços Públicos
A99: 9.5 | B99: Graxa - frota operacional | C99: R$/litro | D99: 31.133333 | E99: Paineis de Preços Públicos
A100: 9.6 | B100: Óleo - veículo utilitário | C100: R$/litro | D100: 21.933333 | E100: Paineis de Preços Públicos
A101: 9.7 | B101: Óleo - moto | C101: R$/litro | D101: 17.68 | E101: Paineis de Preços Públicos
A102: 10 | B102: Materiais e Ferramentas
A103: 10.1 | B103: Recipiente térmico para água (5L) | C103: un. | D103: 49.826667 | E103: Paineis de Preços Públicos
A104: 10.2 | B104: Pá de Concha | C104: un. | D104: 36.213333 | E104: Paineis de Preços Públicos
A105: 10.3 | B105: Vassoura | C105: un. | D105: 15.483333 | E105: Paineis de Preços Públicos
A106: 10.4 | B106: Publicidade (adesivos equipamentos) | C106: un. | D106: 43.166667 | E106: Paineis de Preços Públicos
...

Sheet 4. COLETA COMUM
C7: PLANILHA DE COMPOSIÇÃO DE PREÇOS COLETA COMUM
C8: item | D8: Discriminação | E8: Unidade | F8: Quantidade | G8: R$ unitário | H8: R$ total
C9: 1. | D9: Mão de Obra Direta
C11: 1.1 | D11: Motorista diurno
A13: 5.1 | C13: 1.1.1 | D13: Horas normais | E13: hora | F13: 220 | G13: 11.036364 | H13: 2428
A14: 1.1 | C14: 1.1.2 | D14: Salário mínimo nacional | E14: R$ | G14: 1621 | H14: 0
A15: 1.1 | C15: 1.1.3 | D15: Adicional de Insalubridade | E15: % | F15: 0.2 | G15: 1621 | H15: 324.2
H16: 2752.2
A17: 3.1 | C17: 1.1.4 | D17: Hora Extra 50% | E17: hora | F17: 0 | G17: 16.554545 | H17: 0
A18: 4.1 | C18: 1.1.5 | D18: Hora Extra 100% | E18: hora | F18: 0 | G18: 22.072727 | H18: 0
C19: 1.1.6 | D19: Descanso semanal remunerado (DSR) - hora extra | E19: R$ | G19: 0 | H19: 0
G20: Sub Total | H20: 2752.2
A21: 9.1 | C21: 1.1.7 | D21: Encargos sociais | E21: % | F21: 0.6929 | G21: 2752.2 | H21: 1906.9994
G22: Sub Total | H22: 4659.1994
A23: 2.2 | C23: 1.1.8 | D23: Número de motoristas | E23: homem | F23: 1 | G23: 4659.1994 | H23: 4659.1994
A24: 2.2 | C24: 1.1.9 | D24: Reserva técnica | E24: homem | F24: 0 | G24: 4659.1994 | H24: 0
A25: 7.1 | B25: 2.1.1 | C25: 1.1.10 | D25: Vale transporte (Excedente de 6% do valor do salário base) | E25: un. | F25: 52 | G25: 0 | H25: 0
A26: 8.1 | C26: 1.1.11 | D26: Vale alimentação | E26: un. | F26: 26 | G26: 18.8 | H26: 488.8
C27: 1.1.12 | D27: Cesta básica | E27: un. | F27: 1 | G27: 120 | H27: 120
C28: 1.1.13 | D28: Seguro Vida | E28: un. | F28: 1 | G28: 18.28 | H28: 18.28
C29: 1.1.14 | D29: Valor Total dos Benefícios | E29: un. | F29: 1 | G29: 627.08 | H29: 627.08
G30: Total Motorista diurno | H30: 5286.2794
C32: 1.2 | D32: Coletor diurno
A34: 5.1 | C34: 1.2.1 | D34: Horas normais | E34: hora | F34: 220 | G34: 9.4650455 | H34: 2082.31
A35: 1.1 | C35: 1.2.2 | D35: Salário mínimo nacional | E35: R$ | G35: 1621 | H35: 0
A36: 1.1 | C36: 1.2.3 | D36: Adicional de Insalubridade | E36: % | F36: 0.4 | G36: 2082.31 | H36: 832.924
H37: 2915.234
A38: 3.1 | C38: 1.2.4 | D38: Hora Extra 50% | E38: hora | F38: 0 | G38: 14.197568 | H38: 0
A39: 4.1 | C39: 1.2.5 | D39: Hora Extra 100% | E39: hora | F39: 0 | G39: 18.930091 | H39: 0
C40: 1.2.6 | D40: Descanso semanal remunerado (DSR) - hora extra | E40: R$ | G40: 0 | H40: 0
G41: Sub Total | H41: 2915.234
A42: 9.1 | C42: 1.2.7 | D42: Encargos sociais | E42: % | F42: 0.6903 | G42: 2915.234 | H42: 2012.386
G43: Sub Total | H43: 4927.62
A44: 2.2 | C44: 1.2.8 | D44: Número de coletores | E44: homem | F44: 2 | G44: 4927.62 | H44: 9855.2401
A45: 2.2 | C45: 1.2.9 | D45: Reserva técnica | E45: homem | F45: 0 | G45: 4927.62 | H45: 0
A46: 7.1 | B46: 2.1.1 | C46: 1.2.10 | D46: Vale transporte (Excedente de 6% do valor do salário base) | E46: un. | F46: 52 | G46: 0 | H46: 0
A47: 8.1 | C47: 1.2.11 | D47: Vale alimentação + Vale Lanche | E47: un. | F47: 26 | G47: 32.9832 | H47: 857.5632
C48: 1.2.12 | D48: Plano de Benefício Familiar | E48: homem | F48: 1 | G48: 25.52 | H48: 25.52
A49: 2.2 | C49: 1.2.13 | D49: Valor Total dos Benefícios | E49: homem | F49: 2 | G49: 883.0832 | H49: 1766.1664
G50: Total Coletor diurno | H50: 11621.406
F52: Total dos Custos com Mão de Obra Direta | H52: 16907.686
C55: 3. | D55: Custos Gerais
C57: item | D57: Discriminação | E57: Unidade | F57: Quantidade | G57: R$ unitário | H57: R$ total
C58: 3.1 | D58: Uniformes e Equipamentos de Proteção Individual
C60: 3.1.1 | D60: Motoristas
C61: 3.1.1.1 | D61: Calça | E61: un. | F61: 0.33333333 | G61: 50.566667 | H61: 16.855556
C62: 3.1.1.2 | D62: Camisa | E62: un. | F62: 0.5 | G62: 28.633333 | H62: 14.316667
C63: 3.1.1.3 | D63: Calçado | E63: un. | F63: 0.25 | G63: 37.116667 | H63: 9.2791667
C64: 3.1.1.4 | D64: Boné | E64: un. | F64: 0.25 | G64: 30.863333 | H64: 7.7158333
C65: 3.1.1.5 | D65: Capa de Chuva | E65: un. | F65: 0.25 | G65: 18.72 | H65: 4.68
C66: 3.1.1.6 | D66: Óculos de sol | E66: un. | F66: 0.33333333 | G66: 3.06 | H66: 1.02
C67: 3.1.1.7 | D67: Protetor solar | E67: un. | F67: 1 | G67: 26.906667 | H67: 26.906667
C68: 3.1.1.8 | D68: Jaqueta refletiva | E68: un. | F68: 0.16666667 | G68: 207.59667 | H68: 34.599444
C69: 3.1.1.9 | D69: Meia cano longo | E69: un. | F69: 0.33333333 | G69: 8.6333333 | H69: 2.8777778
C70: 3.1.1.10 | D70: Higienização | E70: un. | F70: 1.5833333 | G70: 4.02 | H70: 6.365
G71: Sub-total | H71: 124.61611
C73: 3.1.2 | D73: Coletores
C74: 3.1.2.1 | D74: Calça | E74: un. | F74: 0.66666667 | G74: 50.566667 | H74: 33.711111
C75: 3.1.2.2 | D75: Camisa | E75: un. | F75: 1 | G75: 28.633333 | H75: 28.633333
C76: 3.1.2.3 | D76: Calçado | E76: un. | F76: 0.5 | G76: 37.116667 | H76: 18.558333
C77: 3.1.2.4 | D77: Boné | E77: un. | F77: 0.5 | G77: 30.863333 | H77: 15.431667
C78: 3.1.2.5 | D78: Capa de Chuva | E78: un. | F78: 0.5 | G78: 18.72 | H78: 9.36
C79: 3.1.2.6 | D79: Luva | E79: un. | F79: 2.6666667 | G79: 21.496667 | H79: 57.324444
C80: 3.1.2.7 | D80: Óculos de sol/incolor | E80: un. | F80: 0.66666667 | G80: 3.06 | H80: 2.04
C81: 3.1.2.8 | D81: Protetor solar | E81: un. | F81: 2 | G81: 26.906667 | H81: 53.813333
C82: 3.1.2.9 | D82: Jaqueta refletiva | E82: un. | F82: 0.33333333 | G82: 207.59667 | H82: 69.198889
C83: 3.1.2.10 | D83: Meia cano longo | E83: un. | F83: 2 | G83: 8.6333333 | H83: 17.266667
C84: 3.1.2.11 | D84: Higienização | E84: un. | F84: 4.5 | G84: 4.02 | H84: 18.09
G85: Sub-total | H85: 323.42778
F86: Total com Custos Gerais | H86: 448.04389
F88: Total dos custos das Equipes de Coleta | H88: 17355.73
F89: Total dos Custos da Reserva Técnica | H89: 433.89324
F90: Total dos Custos Equipe + Reserva | H90: 17789.623
G91: Fator de utilização | H91: 6468.9538
C93: 4. | D93: Dimensionamento da Frota e Equipamentos
C95: item | D95: Discriminação | E95: Unidade | F95: Quantidade | G95: R$ unitário | H95: R$ total
C96: 4.1 | D96: Frota Operacional
A97: 10.1 | C97: 4.1.1 | D97: Caminhão para caçamba coletora compactadora com capacidade mínima de 15 m³ - Operando em 1 turno | E97: un. | F97: 1 | G97: 535854 | H97: 535854
A98: 10.1 | C98: 4.1.2 | D98: Caçamba compactadora de 15m³ - Operando em 1 turno | F98: 1 | G98: 254866.67 | H98: 254866.67
A99: 10.1 | C99: 4.1.3 | D99: Dispositivo para coleta mecanizada (conteinerizada) em 1 turnos | E99: un. | F99: 1 | G99: 19333.333 | H99: 19333.333
G100: Sub-total | H100: 810054
E101: Total da Frota e Equipamentos | H101: 810054
C104: 5. | D104: Custos Operacionais da Frota
C106: item | D106: Discriminação | E106: Unidade | F106: Quantidade | G106: R$ unitário | H106: R$ total
C107: 5.1 | D107: Depreciação frota operacional
C108: 5.1.1 | D108: Caminhão 01 turno | E108: % | F108: 0.6518 | G108: 526576 | H108: 2860.1853
C109: 5.1.2 | D109: Compactador 01 turno | E109: % | F109: 0.6518 | G109: 254866.67 | H109: 1384.3508
C110: 5.1.3 | D110: Dispositivo para coleta mecanizada (conteinerizada) 01 turno | E110: % | F110: 0.6518 | G110: 19333.333 | H110: 105.01222
G111: Sub-total | H111: 4349.5483
C113: 5.2 | D113: Remuneração capital investido | G113: Investimento médio total | H113: Depreciação mensal | I113: Valor do Veículo Proposto
C114: 5.2.1 | D114: Caminhão 01 turno | E114: % | F114: 1.2358333 | G114: 372125.99 | H114: 4598.8571 | I114: 526576
C115: 5.2.2 | D115: Compactador 01 turno | E115: % | F115: 1.2358333 | G115: 180111.72 | H115: 2225.8807 | I115: 254866.67
C116: 5.2.3 | D116: Dispositivo para coleta mecanizada (conteinerizada) 01 turno | E116: % | F116: 1.2358333 | G116: 13662.673 | H116: 168.84787 | I116: 19333.333
G117: Sub-total | H117: 6993.5857
C119: 5.3 | D119: Imposto, seguro e licencimento | G119: R$/ano | H119: R$ /ano
C120: 5.4.1 | D120: IPVA frota operacional | E120: un. | F120: 1 | G120: 5358.54 | H120: 5358.54
C121: 5.4.4 | D121: Licenciam. Da frota operacional | E121: un. | F121: 1 | G121: 114.09 | H121: 114.09
C122: 5.4.7 | D122: Seguro contra terceiros | E122: un. | F122: 1 | G122: 5105.1933 | H122: 5105.1933
G123: Sub-total | H123: 10577.823
G124: Sub-total mês | H124: 881.48528
...

Sheet 5. COLETA SELETIVA
B7: PLANILHA DE COMPOSIÇÃO DE PREÇOS COLETA SELETIVA
B8: item | C8: Discriminação | D8: Unidade | E8: Quantidade | F8: R$ unitário | G8: R$ total
B9: 1. | C9: Mão de Obra Direta
B11: 1.1 | C11: Motorista diurno
A13: 5.1 | B13: 1.1.1 | C13: Horas normais | D13: hora | E13: 220 | F13: 11.036364 | G13: 2428
A14: 1.1 | B14: 1.1.2 | C14: Salário mínimo nacional | D14: R$ | F14: 1621 | G14: 0
A15: 1.1 | B15: 1.1.3 | C15: Adicional de Insalubridade | D15: % | E15: 0.2 | F15: 1621 | G15: 324.2
G16: 2752.2
A17: 3.1 | B17: 1.1.4 | C17: Hora Extra 50% | D17: hora | E17: 0 | F17: 16.554545 | G17: 0
A18: 4.1 | B18: 1.1.5 | C18: Hora Extra 100% | D18: hora | E18: 0 | F18: 22.072727 | G18: 0
B19: 1.1.6 | C19: Descanso semanal remunerado (DSR) - hora extra | D19: R$ | F19: 0 | G19: 0
F20: Sub Total | G20: 2752.2
A21: 9.1 | B21: 1.1.7 | C21: Encargos sociais | D21: % | E21: 0.6929 | F21: 2752.2 | G21: 1906.9994
F22: Sub Total | G22: 4659.1994
A23: 2.2 | B23: 1.1.8 | C23: Número de motoristas | D23: homem | E23: 1 | F23: 4659.1994 | G23: 4659.1994
A24: 2.2 | B24: 1.1.9 | C24: Reserva técnica | D24: homem | E24: 0 | F24: 4659.1994 | G24: 0
A25: 7.1 | B25: 1.1.10 | C25: Vale transporte (Excedente de 6% do valor do salário base) | D25: un. | E25: 52 | F25: 0 | G25: 0
A26: 8.1 | B26: 1.1.11 | C26: Vale alimentação | D26: un. | E26: 26 | F26: 18.8 | G26: 488.8
B27: 1.1.12 | C27: Cesta básica | D27: homem | E27: 1 | F27: 120 | G27: 120
B28: 1.1.13 | C28: Seguro de Vida | D28: un. | E28: 1 | F28: 18.28 | G28: 18.28
B29: 1.1.14 | C29: Valor Total dos Benefícios | D29: un. | E29: 1 | F29: 627.08 | G29: 627.08
F30: Total Motorista diurno | G30: 5286.2794
B32: 1.2 | C32: Coletor diurno
A34: 5.1 | B34: 1.2.1 | C34: Horas normais | D34: hora | E34: 220 | F34: 9.4650455 | G34: 2082.31
A35: 1.1 | B35: 1.2.2 | C35: Salário mínimo nacional | D35: R$ | F35: 1621 | G35: 0
A36: 1.1 | B36: 1.2.3 | C36: Adicional de Insalubridade | D36: % | E36: 0.4 | F36: 2082.31 | G36: 832.924
G37: 2915.234
A38: 3.1 | B38: 1.2.4 | C38: Hora Extra 50% | D38: hora | E38: 0 | F38: 14.197568 | G38: 0
A39: 4.1 | B39: 1.2.5 | C39: Hora Extra 100% | D39: hora | E39: 0 | F39: 18.930091 | G39: 0
B40: 1.2.6 | C40: Descanso semanal remunerado (DSR) - hora extra | D40: R$ | F40: 0 | G40: 0
F41: Sub Total | G41: 2915.234
A42: 9.1 | B42: 1.2.7 | C42: Encargos sociais | D42: % | E42: 0.6903 | F42: 2915.234 | G42: 2012.386
F43: Sub Total | G43: 4927.62
A44: 2.2 | B44: 1.2.8 | C44: Número de coletores | D44: homem | E44: 2 | F44: 4927.62 | G44: 9855.2401
A45: 2.2 | B45: 1.2.9 | C45: Reserva técnica | D45: homem | E45: 0 | F45: 4927.62 | G45: 0
A46: 7.1 | B46: 1.2.10 | C46: Vale transporte (Excedente de 6% do valor do salário base) | D46: un. | E46: 52 | F46: 0 | G46: 0
A47: 8.1 | B47: 1.2.11 | C47: Vale alimentação + Vale Lanche | D47: un. | E47: 26 | F47: 32.9832 | G47: 857.5632
B48: 1.2.12 | C48: Plano de Benefício Familiar | D48: homem | E48: 1 | F48: 25.52 | G48: 25.52
B49: 1.2.13 | C49: Valor Total dos Benefícios | D49: un. | E49: 2 | F49: 883.0832 | G49: 1766.1664
F50: Total Coletor diurno | G50: 11621.406
E52: Total dos Custos com Mão de Obra Direta | G52: 16907.686
B55: 3. | C55: Custos Gerais
B57: item | C57: Discriminação | D57: Unidade | E57: Quantidade | F57: R$ unitário | G57: R$ total
B58: 3.1 | C58: Uniformes e Equipamentos de Proteção Individual
B60: 3.1.1 | C60: Motoristas
B61: 3.1.1.1 | C61: Calça | D61: un. | E61: 0.33333333 | F61: 50.566667 | G61: 16.855556
B62: 3.1.1.2 | C62: Camisa | D62: un. | E62: 0.5 | F62: 28.633333 | G62: 14.316667
B63: 3.1.1.3 | C63: Calçado | D63: un. | E63: 0.25 | F63: 37.116667 | G63: 9.2791667
B64: 3.1.1.4 | C64: Boné | D64: un. | E64: 0.25 | F64: 30.863333 | G64: 7.7158333
B65: 3.1.1.5 | C65: Capa de Chuva | D65: un. | E65: 0.25 | F65: 18.72 | G65: 4.68
B66: 3.1.1.6 | C66: Óculos de sol | D66: un. | E66: 0.33333333 | F66: 3.06 | G66: 1.02
B67: 3.1.1.7 | C67: Protetor solar | D67: un. | E67: 1 | F67: 26.906667 | G67: 26.906667
B68: 3.1.1.8 | C68: Jaqueta refletiva | D68: un. | E68: 0.16666667 | F68: 207.59667 | G68: 34.599444
B69: 3.1.1.9 | C69: Meia cano longo | D69: un. | E69: 0.33333333 | F69: 8.6333333 | G69: 2.8777778
B70: 3.1.1.10 | C70: Higienização | D70: un. | E70: 1.5833333 | F70: 4.02 | G70: 6.365
F71: Sub-total | G71: 124.61611
B72: 3.1.2 | C72: Coletores
B73: 3.1.2.1 | C73: Calça | D73: un. | E73: 0.66666667 | F73: 50.566667 | G73: 33.711111
B74: 3.1.2.2 | C74: Camisa | D74: un. | E74: 1 | F74: 28.633333 | G74: 28.633333
B75: 3.1.2.3 | C75: Calçado | D75: un. | E75: 0.5 | F75: 37.116667 | G75: 18.558333
B76: 3.1.2.4 | C76: Boné | D76: un. | E76: 0.5 | F76: 30.863333 | G76: 15.431667
B77: 3.1.2.5 | C77: Capa de Chuva | D77: un. | E77: 0.5 | F77: 18.72 | G77: 9.36
B78: 3.1.2.6 | C78: Luva | D78: un. | E78: 2.6666667 | F78: 21.496667 | G78: 57.324444
B79: 3.1.2.7 | C79: Óculos de sol/incolor | D79: un. | E79: 0.66666667 | F79: 3.06 | G79: 2.04
B80: 3.1.2.8 | C80: Protetor solar | D80: un. | E80: 2 | F80: 26.906667 | G80: 53.813333
B81: 3.1.2.9 | C81: Jaqueta refletiva | D81: un. | E81: 0.33333333 | F81: 207.59667 | G81: 69.198889
B82: 3.1.2.10 | C82: Meia cano longo | D82: un. | E82: 2 | F82: 8.6333333 | G82: 17.266667
B83: 3.1.2.11 | C83: Higienização | D83: un. | E83: 4.5 | F83: 4.02 | G83: 18.09
F84: Sub-total | G84: 323.42778
E85: Total com Custos Gerais | G85: 448.04389
E87: Total dos custos das Equipes de Coleta | G87: 17355.73
E88: Total dos Custos da Reserva Técnica | G88: 433.89324
E89: Total dos Custos Equipe + Reserva | G89: 17789.623
F90: Fator de utilização | G90: 3234.4769
B92: 4. | C92: Dimensionamento da Frota e Equipamentos
B94: item | C94: Discriminação | D94: Unidade | E94: Quantidade | F94: R$ unitário | G94: R$ total
B95: 4.1 | C95: Frota Operacional
A96: 10.1 | B96: 4.1.1 | C96: Caminhão para caçamba coletora compactadora com capacidade mínima de 15 m³ - Operando em 1 turno | D96: un. | E96: 1 | F96: 535854 | G96: 535854
A97: 10.1 | B97: 4.1.2 | C97: Caçamba compactadora de 15m³ - Operando em 1 turno | E97: 1 | F97: 254866.67 | G97: 254866.67
A98: 10.1 | B98: 4.1.3 | C98: Dispositivo para coleta mecanizada (conteinerizada) em 1 turnos | D98: un. | E98: 1 | F98: 19333.333 | G98: 19333.333
F99: Sub-total | G99: 810054
D100: Total da Frota e Equipamentos | G100: 810054
B102: 5. | C102: Custos Operacionais da Frota
B104: item | C104: Discriminação | D104: Unidade | E104: Quantidade | F104: R$ unitário | G104: R$ total
B105: 5.1 | C105: Depreciação frota operacional
B106: 5.1.1 | C106: Caminhão 01 turno | D106: % | E106: 0.6518 | F106: 526576 | G106: 2860.1853
B107: 5.1.2 | C107: Compactador 01 turno | D107: % | E107: 0.6518 | F107: 254866.67 | G107: 1384.3508
B108: 5.1.3 | C108: Dispositivo para coleta mecanizada (conteinerizada) 01 turno | D108: % | E108: 0.6518 | F108: 19333.333 | G108: 105.01222
F109: Sub-total | G109: 4349.5483
B111: 5.2 | C111: Remuneração capital investido | F111: Investimento médio total | G111: Depreciação mensal | H111: Valor do Veículo Proposto
B112: 5.2.1 | C112: Caminhão 01 turno | D112: % | E112: 1.2358333 | F112: 372125.99 | G112: 4598.8571 | H112: 526576
B113: 5.2.2 | C113: Compactador 01 turno | D113: % | E113: 1.2358333 | F113: 180111.72 | G113: 2225.8807 | H113: 254866.67
B114: 5.2.3 | C114: Dispositivo para coleta mecanizada (conteinerizada) 01 turno | D114: % | E114: 1.2358333 | F114: 13662.673 | G114: 168.84787 | H114: 19333.333
F115: Sub-total | G115: 6993.5857
B117: 5.3 | C117: Imposto, seguro e licencimento | F117: R$/ano | G117: R$ /ano
B118: 5.3.1 | C118: IPVA frota operacional | D118: un. | E118: 1 | F118: 5358.54 | G118: 5358.54
B119: 5.3.2 | C119: Licenciam. Da frota operacional | D119: un. | E119: 1 | F119: 114.09 | G119: 114.09
B120: 5.3.3 | C120: Seguro contra terceiros | D120: un. | E120: 1 | F120: 5105.1933 | G120: 5105.1933
F121: Sub-total | G121: 10577.823
F122: Sub-total mês | G122: 881.48528
...

Sheet 6. DISPOSIÇÃO FINAL DE REJEITOS
B7: PLANILHA DE COMPOSIÇÃO DE PREÇOS PARA DISPOSIÇÃO FINAL
B8: item | C8: Discriminação | D8: Unidade | E8: Quantidade | F8: R$ unitário | G8: R$ total
B9: 1 | C9: Disposição final
B10: 1.1 | C10: Disposição final de rejeitos | D10: ton | E10: 29.735 | F10: 196 | H10: 5828.06
C11: Total dos Custos Diretos | H11: 5828.06
B13: 2 | C13: Bonificações e Despesas Indiretas (BDI)
B14: item | C14: Discriminação | D14: Unidade | E14: Valor | F14: R$ total
B15: 2.1 | C15: Administração Central (AC) | D15: % | E15: 0.0508
B16: 2.2 | C16: Despesas Financeiras (DF) | D16: % | E16: 0.0099
B17: 2.3 | C17: Seguros, Riscos e Garantias (S) | D17: % | E17: 0.0133
B18: 2.4 | C18: ISS | D18: % | E18: 0.03
B19: 2.5 | C19: PIS E COFINS | D19: % | E19: 0.0365
B20: 2.6 | C20: Lucro (L) | D20: % | E20: 0.1085
B21: 2.7 | C21: BDI ADOTADO | D21: % | E21: 0.2761
C22: Total de bonificações e despesas indiretas (BDI) | F22: 1609.1274
C25: Total Geral Mensal | F25: 7437.19
C26: Quantidade (unidade / mês) | F26: 1
C27: Preço Unitário (R$ / unidade) | F27: 7437.19

Sheet 7. VOLUMOSOS
B7: PLANILHA DE COMPOSIÇÃO DE PREÇOS COLETA VOLUMOSOS
B8: item | C8: Discriminação | D8: Unidade | E8: Quantidade | F8: R$ unitário | G8: R$ total
B9: 1. | C9: Mão de Obra Direta
B11: 1.1 | C11: Motorista diurno
A13: 5.1 | B13: 1.1.1 | C13: Horas normais | D13: hora | E13: 220 | F13: 11.036364 | G13: 2428
A14: 1.1 | B14: 1.1.2 | C14: Salário mínimo nacional | D14: R$ | F14: 1621 | G14: 0
A15: 1.1 | B15: 1.1.3 | C15: Adicional de Insalubridade | D15: % | E15: 0.2 | F15: 1621 | G15: 324.2
G16: 2752.2
A17: 3.1 | B17: 1.1.4 | C17: Hora Extra 50% | D17: hora | E17: 0 | F17: 16.554545 | G17: 0
A18: 4.1 | B18: 1.1.5 | C18: Hora Extra 100% | D18: hora | E18: 0 | F18: 22.072727 | G18: 0
B19: 1.1.6 | C19: Descanso semanal remunerado (DSR) - hora extra | D19: R$ | F19: 0 | G19: 0
F20: Sub Total | G20: 2752.2
A21: 9.1 | B21: 1.1.7 | C21: Encargos sociais | D21: % | E21: 0.6929 | F21: 2752.2 | G21: 1906.9994
F22: Sub Total | G22: 4659.1994
A23: 2.2 | B23: 1.1.8 | C23: Número de motoristas | D23: homem | E23: 1 | F23: 4659.1994 | G23: 4659.1994
A24: 2.2 | B24: 1.1.9 | C24: Reserva técnica | D24: homem | E24: 0 | F24: 4659.1994 | G24: 0
A25: 7.1 | B25: 1.1.10 | C25: Vale transporte (Excedente de 6% do valor do salário base) | D25: un. | E25: 52 | F25: 0 | G25: 0
A26: 8.1 | B26: 1.1.11 | C26: Vale alimentação | D26: un. | E26: 26 | F26: 18.8 | G26: 488.8
B27: 1.1.12 | C27: Cesta básica | D27: homem | E27: 1 | F27: 120 | G27: 120
B28: 1.1.13 | C28: Seguro de Vida | D28: un. | E28: 1 | F28: 18.28 | G28: 18.28
B29: 1.1.14 | C29: Valor Total dos Benefícios | D29: un. | E29: 1 | F29: 627.08 | G29: 627.08
F30: Total Motorista diurno | G30: 5286.2794
B32: 1.2 | C32: Coletor diurno
A34: 5.1 | B34: 1.2.1 | C34: Horas normais | D34: hora | E34: 220 | F34: 9.4650455 | G34: 2082.31
A35: 1.1 | B35: 1.2.2 | C35: Salário mínimo nacional | D35: R$ | F35: 1621 | G35: 0
A36: 1.1 | B36: 1.2.3 | C36: Adicional de Insalubridade | D36: % | E36: 0.4 | F36: 2082.31 | G36: 832.924
G37: 2915.234
A38: 3.1 | B38: 1.2.4 | C38: Hora Extra 50% | D38: hora | E38: 0 | F38: 14.197568 | G38: 0
A39: 4.1 | B39: 1.2.5 | C39: Hora Extra 100% | D39: hora | E39: 0 | F39: 18.930091 | G39: 0
B40: 1.2.6 | C40: Descanso semanal remunerado (DSR) - hora extra | D40: R$ | F40: 0 | G40: 0
F41: Sub Total | G41: 2915.234
A42: 9.1 | B42: 1.2.7 | C42: Encargos sociais | D42: % | E42: 0.6903 | F42: 2915.234 | G42: 2012.386
F43: Sub Total | G43: 4927.62
A44: 2.2 | B44: 1.2.8 | C44: Número de coletores | D44: homem | E44: 1 | F44: 4927.62 | G44: 4927.62
A45: 2.2 | B45: 1.2.9 | C45: Reserva técnica | D45: homem | E45: 0 | F45: 4927.62 | G45: 0
A46: 7.1 | B46: 1.2.10 | C46: Vale transporte (Excedente de 6% do valor do salário base) | D46: un. | E46: 52 | F46: 0 | G46: 0
A47: 8.1 | B47: 1.2.11 | C47: Vale alimentação + Vale Lanche | D47: un. | E47: 26 | F47: 32.9832 | G47: 857.5632
B48: 1.2.12 | C48: Plano de Benefício Familiar | D48: homem | E48: 1 | F48: 25.52 | G48: 25.52
B49: 1.2.13 | C49: Valor Total dos Benefícios | D49: un. | E49: 1 | F49: 883.0832 | G49: 883.0832
F50: Total Coletor diurno | G50: 5810.7032
E52: Total dos Custos com Mão de Obra Direta | G52: 11096.983
B54: 2. | C54: Mão de Obra Indireta
B56: item | C56: Discriminação | D56: Unidade | E56: Quantidade | F56: R$ unitário | G56: R$ total
B59: 3. | C59: Custos Gerais
B61: item | C61: Discriminação | D61: Unidade | E61: Quantidade | F61: R$ unitário | G61: R$ total
B62: 3.1 | C62: Uniformes e Equipamentos de Proteção Individual
B64: 3.1.1 | C64: Motoristas
B65: 3.1.1.1 | C65: Calça | D65: un. | E65: 0.33333333 | F65: 50.566667 | G65: 16.855556
B66: 3.1.1.2 | C66: Camisa | D66: un. | E66: 0.5 | F66: 28.633333 | G66: 14.316667
B67: 3.1.1.3 | C67: Calçado | D67: un. | E67: 0.25 | F67: 37.116667 | G67: 9.2791667
B68: 3.1.1.4 | C68: Boné | D68: un. | E68: 0.25 | F68: 30.863333 | G68: 7.7158333
B69: 3.1.1.5 | C69: Capa de Chuva | D69: un. | E69: 0.25 | F69: 18.72 | G69: 4.68
B70: 3.1.1.6 | C70: Óculos de sol | D70: un. | E70: 0.33333333 | F70: 3.06 | G70: 1.02
B71: 3.1.1.7 | C71: Protetor solar | D71: un. | E71: 1 | F71: 26.906667 | G71: 26.906667
B72: 3.1.1.8 | C72: Jaqueta refletiva | D72: un. | E72: 0.16666667 | F72: 207.59667 | G72: 34.599444
B73: 3.1.1.9 | C73: Meia cano longo | D73: un. | E73: 0.33333333 | F73: 8.6333333 | G73: 2.8777778
B74: 3.1.1.10 | C74: Higienização | D74: un. | E74: 1.5833333 | F74: 4.02 | G74: 6.365
F75: Sub-total | G75: 124.61611
B77: 3.1.2 | C77: Coletores
B78: 3.1.2.1 | C78: Calça | D78: un. | E78: 0.33333333 | F78: 50.566667 | G78: 16.855556
B79: 3.1.2.2 | C79: Camisa | D79: un. | E79: 0.5 | F79: 28.633333 | G79: 14.316667
B80: 3.1.2.3 | C80: Calçado | D80: un. | E80: 0.25 | F80: 37.116667 | G80: 9.2791667
B81: 3.1.2.4 | C81: Boné | D81: un. | E81: 0.25 | F81: 30.863333 | G81: 7.7158333
B82: 3.1.2.5 | C82: Capa de Chuva | D82: un. | E82: 0.25 | F82: 18.72 | G82: 4.68
B83: 3.1.2.6 | C83: Luva | D83: un. | E83: 1.3333333 | F83: 21.496667 | G83: 28.662222
B84: 3.1.2.7 | C84: Óculos de sol/incolor | D84: un. | E84: 0.33333333 | F84: 3.06 | G84: 1.02
B85: 3.1.2.8 | C85: Protetor solar | D85: un. | E85: 1 | F85: 26.906667 | G85: 26.906667
B86: 3.1.2.9 | C86: Jaqueta refletiva | D86: un. | E86: 0.16666667 | F86: 207.59667 | G86: 34.599444
B87: 3.1.2.10 | C87: Meia cano longo | D87: un. | E87: 1 | F87: 8.6333333 | G87: 8.6333333
B88: 3.1.2.11 | C88: Higienização | D88: un. | E88: 2.25 | F88: 4.02 | G88: 9.045
F89: Sub-total | G89: 161.71389
E90: Total com Custos Gerais | G90: 286.33
E92: Total dos custos das Equipes de Coleta | G92: 11383.313
E93: Total dos Custos da Reserva Técnica | G93: 284.58282
E94: Total dos Custos Equipe + Reserva | G94: 11667.895
F95: Fator de utilização | G95: 424.28711
B97: 4. | C97: Dimensionamento da Frota e Equipamentos
B99: item | C99: Discriminação | D99: Unidade | E99: Quantidade | F99: R$ unitário | G99: R$ total
B100: 4.1 | C100: Frota Operacional
A101: 10.1 | B101: 4.1.1 | C101: Chassi - Atego 2433 6x2 | D101: un. | E101: 1 | F101: 635856 | G101: 635856
A102: 10.1 | B102: 4.1.2 | C102: Caçamba de 30m³ com equi. Roll On Roll Off e Munck | D102: un. | E102: 1 | F102: 316496.67 | G102: 316496.67
F103: Sub-total | G103: 952352.67
D105: Total da Frota e Equipamentos | G105: 952352.67
B107: 5. | C107: Custos Operacionais da Frota
B109: item | C109: Discriminação | D109: Unidade | E109: Quantidade | F109: R$ unitário | G109: R$ total
B110: 5.1 | C110: Depreciação frota operacional
B111: 5.1.1 | C111: Chassi - Atego 2433 6x2 | D111: % | E111: 0.6518 | F111: 620392.67 | G111: 3369.7662
B112: 5.1.2 | C112: Caçamba de 30m³ com equi. Roll On Roll Off e Munck | D112: % | E112: 0.6518 | F112: 316496.67 | G112: 1719.1044
F113: Sub-total | G113: 5088.8706
B115: 5.2 | C115: Remuneração capital investido | F115: Investimento médio total | G115: Depreciação mensal | H115: Valor do Veículo Proposto
B116: 5.2.1 | C116: Chassi - Atego 2433 6x2 | D116: % | E116: 1.2358333 | F116: 438425.29 | G116: 5418.2059 | H116: 620392.67
B117: 5.2.2 | C117: Caçamba de 30m³ com equi. Roll On Roll Off e Munck | D117: % | E117: 1.2358333 | F117: 223665.03 | G117: 2764.127 | H117: 316496.67
F118: Sub-total | G118: 8182.3329
B120: 5.3 | C120: Imposto, seguro e licencimento | F120: R$/ano | G120: R$ /ano
B121: 5.3.1 | C121: IPVA frota operacional | D121: un. | E121: 1 | F121: 6358.56 | G121: 6358.56
B122: 5.3.2 | C122: Licenciam. Da frota operacional | D122: un. | E122: 1 | F122: 114.09 | G122: 114.09
B123: 5.3.3 | C123: Seguro contra terceiros | D123: un. | E123: 1 | F123: 5105.1933 | G123: 5105.1933
F124: Sub-total | G124: 11577.843
F125: Sub-total mês | G125: 964.82028
B127: 5.4 | C127: Consumo de combustível
...

Sheet 8. ADMINISTRAÇÃO LOCAL
C8: Despesas administrativas locais
C9: Descrição | D9: Despesas Administrativas (R$) | E9: Despesas Administrativas com fator de utilização (R$)
C10: Locação do imóvel | D10: 5000 | E10: 909.09091
C11: Água, luz , telefone, internet | D11: 818.21181 | E11: 148.76578
C12: Telefones celulares | D12: 570 | E12: 103.63636
C13: Despesas com pessoal adm (salários, encargos, benefícios) | D13: 13182.215 | E13: 2396.7663
C14: Despesas gerais (limpeza, material de expediente e diversos) | D14: 1081 | E14: 196.54545
C15: TOTAL | D15: 20651.427 | E15: 3754.8049
C18: Distribuição para cada serviço
C19: Serviço | D19: Valor (R$) | E19: Percentual (%)
C20: Coleta Comum | D20: 1877.4024 | E20: 0.5
C21: Coleta Seletiva | D21: 1314.1817 | E21: 0.35
C22: Volumosos | D22: 563.22073 | E22: 0.15
D23: 3754.8049 | E23: 1

Sheet PESSOAL ADM 
B7: PLANILHA DE COMPOSIÇÃO DE PREÇOS ADMINISTRATIVO
B8: item | C8: Discriminação | D8: Unidade | E8: Quantidade | F8: R$ unitário | G8: R$ total
B10: 1 | C10: Gerente
B11: 1.1 | C11: Horas normais | D11: hora | E11: 220 | F11: 23.140591 | G11: 5090.93
F12: Sub Total | G12: 5090.93
B13: 1.2 | C13: Encargos sociais | D13: % | E13: 0.6929 | F13: 5090.93 | G13: 3527.5054
F14: Sub Total | G14: 8618.4354
B15: 1.3 | C15: Número de coordenador | D15: homem | E15: 1 | F15: 8618.4354 | G15: 8618.4354
B16: 1.4 | C16: Vale transporte (Excedente de 6% do valor do salário base) | D16: un. | E16: 52 | F16: 0 | G16: 0
B17: 1.5 | C17: Vale alimentação | D17: un. | E17: 26 | F17: 18.8 | G17: 488.8
B18: 1.6 | C18: Cesta básica | D18: homem | E18: 1 | F18: 120 | G18: 120
B19: 1.7 | C19: Seguro de vida | D19: homem | E19: 1 | F19: 18.28 | G19: 18.28
F20: Total | G20: 9245.5154
B22: 1.3 | C22: Motorista noturno
B24: 1.3.0 | C24: Horas normais | D24: hora | E24: 0 | F24: #DIV/0! | G24: #DIV/0!
B25: 1.3.0 | C25: Adicional noturno | D25: % | E25: 0
B26: 1.3.0 | C26: Adicional noturno (horas trabalhadas) | D26: hora | E26: 0
B27: 1.3.1 | C27: Adicional noturno (horas contabilizadas) | D27: hora | E27: 0 | F27: #DIV/0! | G27: #DIV/0!
B29: 1.3.1 | C29: Salário mínimo nacional | D29: R$ | F29: 1621 | G29: 0
B30: 1.3.1 | C30: Base de cálculo de insalubridade | E30: 1
B31: 1.3.1 | C31: Adicional de Insalubridade | D31: % | E31: 0 | F31: #DIV/0! | G31: #DIV/0!
G32: #DIV/0!
B33: 1.3.1 | C33: Hora Extra 50% | D33: hora | E33: 0 | F33: #DIV/0! | G33: #DIV/0!
C34: Hora Extra 50% noturna | D34: hora | E34: 0 | F34: #DIV/0! | G34: #DIV/0!
B35: 1.3.1 | C35: Hora Extra 100% | D35: hora | E35: 0 | F35: #DIV/0! | G35: #DIV/0!
B36: 1.3.1 | C36: Hora Extra 100% noturna | D36: hora | E36: 0 | F36: #DIV/0! | G36: #DIV/0!
B37: 1.3.1 | C37: Descanso semanal remunerado (DSR) - hora extra | D37: R$ | F37: #DIV/0! | G37: #DIV/0!
F38: Sub Total | G38: #DIV/0!
B39: 1.3.1 | C39: Encargos sociais | D39: % | E39: 0 | F39: #DIV/0! | G39: #DIV/0!
F40: Sub Total | G40: #DIV/0!
B41: 1.3.1 | C41: Número de motoristas | D41: homem | E41: 0 | F41: #DIV/0! | G41: #DIV/0!
B42: 1.3.1 | C42: Reserva técnica | D42: homem | E42: 0 | F42: #DIV/0! | G42: #DIV/0!
B43: 1.3.2 | C43: Vale transporte (Excedente de 6% do valor do salário base) | D43: un. | E43: 0 | F43: 0 | G43: #DIV/0!
B44: 1.3.2 | C44: Número de motoristas - com reserva | D44: homem | E44: 0 | F44: #DIV/0! | G44: #DIV/0!
B45: 1.3.3 | C45: Vale alimentação | D45: un. | E45: 0 | F45: 18.8 | G45: 0
B46: 1.3.4 | C46: Número de motoristas - com reserva | D46: homem | E46: 0 | F46: 0 | G46: 0
B47: 1.3.5 | C47: Cesta básica | D47: homem | E47: 0 | F47: 120 | G47: 0
F48: Total Motorista noturno | G48: #DIV/0!
B50: 1.4 | C50: Coletor noturno
B51: 2 | C51: Auxiliar Administrativo
B52: 2.1 | C52: Horas normais | D52: hora | E52: 220 | F52: 8.8863636 | G52: 1955
F53: Sub Total | G53: 1955
B54: 2.2 | C54: Encargos sociais | D54: % | E54: 0.6929 | F54: 1955 | G54: 1354.6195
F55: Sub Total | G55: 3309.6195
B56: 2.3 | C56: Número de assistente | D56: homem | E56: 1 | F56: 3309.6195 | G56: 3309.6195
B57: 2.4 | C57: Vale transporte (Excedente de 6% do valor do salário base) | D57: un. | E57: 52 | F57: 0 | G57: 0
B58: 2.5 | C58: Vale alimentação | D58: un. | E58: 26 | F58: 18.8 | G58: 488.8
B59: 2.6 | C59: Cesta básica | D59: homem | E59: 1 | F59: 120 | G59: 120
B60: 2.7 | C60: Seguro de vida | D60: homem | E60: 1 | F60: 18.28 | G60: 18.28
F61: Total | G61: 3936.6995
E62: Total dos Custos | G62: 13182.215

Sheet ORÇAMENTOS
A2: COLETA CONVENCIONAL
A3: VEÍCULO / EQUIPAMENTO | B3: DESCRIÇÃO | D3: PREÇO ADOTADO (R$) | E3: FIPE | F3: USIMECA | G3: DAMAEQ | H3: PLANALTO | I3: SITE | J3: PREÇO MÉDIO
A4: Caminhão | B4: Atego 1719 4x2 2p (diesel)(E6) | C4: zero km | D4: 535854 | E4: 535854 | J4: 535854
A5: Caçamba Compactadora | B5: Caçamba Coletora Compactadora 15m³ | C5: 15m³ | D5: 236866.67 | F5: 247000 | G5: 250000 | H5: 267600 | J5: 254866.67
A6: Coleta Mecanizada | B6: Dispositivo hidráulico com braços | C6: - | D6: 18666.667 | F6: 18000 | G6: 22000 | H6: 18000 | J6: 19333.333
A9: MECANIZADA
A10: VEÍCULO / EQUIPAMENTO | B10: DESCRIÇÃO | E10: FIPE | F10: USIMECA | G10: DAMAEQ | H10: PLANALTO | I10: SITE/COTAÇÃO | J10: PREÇO MÉDIO
A11: Veículo | B11: HR 2.5 4WD Diesel | C11: zero km | D11: 180823 | E11: 180823 | J11: 180823
A12: Equipamento | B12: Mini Guindaste - Extensor prolongador lança Mini, Sapata dupla CMG11 | D12: 42508 | J12: 42508
A13: Container | B13: Contêiner 1000 L | C13: 1m³ | D13: 1960 | G13: 2500 | H13: 1919.25 | J13: 2209.625
A15: COLETA SELETIVA
A16: VEÍCULO / EQUIPAMENTO | B16: DESCRIÇÃO | E16: FIPE | F16: USIMECA | G16: DAMAEQ | H16: PLANALTO | I16: SITE | J16: PREÇO MÉDIO
A17: Caminhão | B17: Atego 1719 4x2 2p (diesel)(E6) | C17: zero km | D17: 535854 | E17: 535854 | J17: 535854
A18: Caçamba Compactadora | B18: Caçamba Coletora Compactadora 15m³ | C18: 15m³ | D18: 236866.67 | F18: 247000 | G18: 250000 | H18: 267600 | J18: 254866.67
A19: Coleta Mecanizada | B19: Dispositivo hidráulico com braços | C19: - | D19: 18666.667 | F19: 18000 | G19: 22000 | H19: 18000 | J19: 19333.333
A21: FROTA AUXILIAR
A22: VEÍCULO / EQUIPAMENTO | B22: DESCRIÇÃO | E22: FIPE
A23: Veículo utilitário | B23: Strada Endurance 1.3 Flex 8V CS Plus | C23: zero km | D23: 110530 | E23: 110530
A24: Veículo utilitário | B24: Strada Endurance 1.3 Flex 8V CS Plus | C24: zero km | D24: 115638 | E24: 115638
A25: Veículo utilitário | B25: Strada Endurance 1.3 Flex 8V CS Plus | C25: zero km | D25: 115639 | E25: 115639
A26: Veículo utilitário | B26: Strada Endurance 1.3 Flex 8V CS Plus | C26: zero km | D26: 115640 | E26: 115640
A27: Veículo utilitário | B27: Strada Endurance 1.3 Flex 8V CS Plus | C27: zero km | D27: 115641 | E27: 115641
A28: Veículo utilitário | B28: Strada Endurance 1.3 Flex 8V CS Plus | C28: zero km | D28: 115642 | E28: 115642
A29: Moto | B29: CG 160 START | C29: zero km | D29: 20694 | E29: 20694
A31: COLETA VOLUMOSOS
A32: VEÍCULO / EQUIPAMENTO | B32: DESCRIÇÃO | D32: PREÇO 1 | E32: PREÇO 2 | F32: PREÇO 3
A33: Chassi - Atego 2433 6x2 | B33: unidade | D33: 635856 | G33: 635856
A34: Caçamba de 30m³ com equi. Roll On Roll Off e Munck | B34: unidade | D34: 316496.67 | G34: 316496.67
A35: Caçamba Estacionária 5m³ | B35: unidade | D35: 7850 | E35: 6652.35 | G35: 7251.175
A38: LICENCIAMENTO
A39: DESCRIÇÃO | D39: PREÇO 1 | E39: PREÇO 2 | F39: PREÇO 3 | G39: PREÇO MÉDIO
A40: Seguro contra terceiros | B40: unidade | D40: 5008.85 | E40: 2447.33 | F40: 7859.4 | G40: 5105.1933
A42: PNEUS/SERVIÇOS
A43: DESCRIÇÃO | D43: PREÇO 1 | E43: PREÇO 2 | F43: PREÇO 3 | G43: PREÇO MÉDIO
A44: Pneu | B44: unidade | D44: 1559 | E44: 1495 | F44: 1585 | G44: 1546.3333
A45: Recapagem | B45: unidade | D45: 740 | E45: 800 | F45: 880 | G45: 806.66667
A46: Pneu dianteiro - Retro 12.5/80-18 PR | B46: unidade | D46: 1109 | E46: 1117.97 | F46: 1245.9 | G46: 1157.6233
A47: Pneu traseiro - Retro 19.5L-24 12 PR | B47: unidade | D47: 2164 | E47: 2050.9 | F47: 2039.9 | G47: 2084.9333
A48: Jogo de pneu - utilitario | B48: unidade | D48: 419.84 | E48: 231.66 | F48: 213.95 | G48: 288.48333
A49: Jogo de pneu dianteiro - moto | B49: unidade | D49: 139 | E49: 135.11 | F49: 151.93 | G49: 142.01333
A50: Jogo de pneu traseiro- moto | B50: unidade | D50: 139 | E50: 135.11 | F50: 151.93 | G50: 142.01333
A51: Jogo de pneu - veículo para higienização de contentor | B51: unidade | D51: 419.84 | E51: 231.66 | F51: 213.95 | G51: 288.48333
A53: LAVAÇÃO
A54: DESCRIÇÃO | D54: PREÇO 1 | E54: PREÇO 2 | F54: PREÇO 3 | G54: PREÇO MÉDIO
A55: Lavação completa de caminhão | B55: unidade | D55: 270 | E55: 199.3 | F55: 250 | G55: 239.76667
A56: Lavação completa de contentores | B56: unidade | D56: 46.94 | E56: 51.8 | F56: 50 | G56: 49.58
A57: Lavação frota auxiliar utilitário | B57: unidade | D57: 58 | E57: 48 | F57: 83.14 | G57: 63.046667
A58: Lavação frota auxiliar moto | B58: unidade | D58: 20 | E58: 30 | F58: 25 | G58: 25
A59: Lavação frota - Retroescavadeira | B59: unidade | D59: 247.5 | E59: 246.23 | F59: 250 | G59: 247.91
A61: MONITORAMENTO DE FROTA
A62: DESCRIÇÃO | D62: PREÇO 1 | E62: PREÇO 2 | F62: PREÇO 3 | G62: PREÇO MÉDIO
A63: Implantação dos equipamentos de monitoramento | B63: unidade | D63: 11.485714 | G63: 804
A64: Custo mensal do monitoramento (localização + bloqueio de combustível + identificação de motorista) | B64: unidade | D64: 134.8 | G64: 134.8
A66: EPI
A67: DESCRIÇÃO | D67: PREÇO 1 | E67: PREÇO 2 | F67: PREÇO 3 | G67: PREÇO MÉDIO
A68: Jaqueta Refletiva | B68: unidade | D68: 200.99 | E68: 187 | F68: 234.8 | G68: 207.59667
A69: Calça | B69: unidade | D69: 53.7 | E69: 42.5 | F69: 55.5 | G69: 50.566667
A70: Camisa | B70: unidade | D70: 30 | E70: 26 | F70: 29.9 | G70: 28.633333
A71: Calçado | B71: unidade | D71: 38.35 | E71: 33.1 | F71: 39.9 | G71: 37.116667
A72: Boné | B72: unidade | D72: 36.99 | E72: 27.8 | F72: 27.8 | G72: 30.863333
A73: Colete fiscal | B73: unidade | D73: 32.17 | E73: 68 | F73: 13.85 | G73: 38.006667
A74: Capa de chuva | B74: unidade | D74: 15.5 | E74: 25 | F74: 15.66 | G74: 18.72
A75: Luva | B75: unidade | D75: 12.49 | E75: 30 | F75: 22 | G75: 21.496667
A76: Óculos de sol/incolor | B76: unidade | D76: 3 | E76: 3.4 | F76: 2.78 | G76: 3.06
A77: Protetor solar | B77: unidade | D77: 11.89 | E77: 31.83 | F77: 37 | G77: 26.906667
A78: Meia cano longo | B78: unidade | D78: 10.01 | E78: 6.9 | F78: 8.99 | G78: 8.6333333
A79: Higienização | B79: unidade | G79: 4.02
A81: ÓLEOS E LUBRIFICANTES
A82: DESCRIÇÃO | D82: PREÇO 1 | E82: PREÇO 2 | F82: PREÇO 3 | G82: PREÇO MÉDIO
A83: Arla 32 | B83: unidade | D83: 4.2 | E83: 3.7 | F83: 3.6975 | G83: 3.8658333
A84: Graxa (NLGI 2) -Kg | B84: unidade | D84: 17.4 | E84: 41 | F84: 35 | G84: 31.133333
A85: Óleo motor (15W40) | B85: unidade | D85: 16 | E85: 12.4 | F85: 19 | G85: 15.8
A86: Óleo hidráulico (ATF) | B86: unidade | D86: 21.5 | E86: 32.5 | F86: 12.645 | G86: 22.215
A87: Óleo transmissão (SAE 90) | B87: unidade | D87: 21.5 | E87: 36 | F87: 25.216 | G87: 27.572
A88: Óleo - veículo utilitário | B88: unidade | D88: 21 | E88: 19.5 | F88: 25.3 | G88: 21.933333
A89: Óleo - moto | B89: unidade | D89: 13.7 | E89: 22 | F89: 17.34 | G89: 17.68
A91: MATERIAIS E FERRAMENTAS
A92: DESCRIÇÃO | D92: PREÇO 1 | E92: PREÇO 2 | F92: PREÇO 3 | G92: PREÇO MÉDIO
A93: Recipiente térmico para água (5L) | B93: unidade | D93: 50 | E93: 64 | F93: 35.48 | G93: 49.826667
A94: Pá de Concha | B94: unidade | D94: 45 | E94: 32.61 | F94: 31.03 | G94: 36.213333
A95: Vassoura | B95: unidade | D95: 10.45 | E95: 18 | F95: 18 | G95: 15.483333
A96: Publicidade (adesivos equipamentos) | B96: unidade | D96: 35 | E96: 34.5 | F96: 60 | G96: 43.166667
A97: Publicidade (adesivos veículos) | B97: m² | D97: 73.83 | E97: 65 | F97: 90 | G97: 76.276667

Sheet INSAL. SEL.
B7: PLANILHA DE COMPOSIÇÃO DE PREÇOS INSALUBRIDADE COLETA SELETIVA
B8: item | C8: Discriminação | D8: Unidade | E8: Quantidade | F8: R$ unitário | G8: R$ total
B9: 1. | C9: Mão de Obra Direta
B11: 1.1 | C11: Coletor diurno
A13: 5.1 | B13: 1.1.1 | C13: Horas normais | D13: hora | E13: 220 | F13: 9.4650455 | G13: 2082.31
A14: 1.1 | B14: 1.1.2 | C14: Salário mínimo nacional | D14: R$ | F14: 1621 | G14: 0
A15: 1.1 | B15: 1.1.2 | C15: Base de cálculo de insalubridade | E15: 2
A16: 1.1 | B16: 1.1.3 | C16: Adicional de Insalubridade | D16: % | E16: 0.4 | F16: 2082.31 | G16: 832.924
G17: 2915.234
A18: 3.1 | B18: 1.1.4 | C18: Hora Extra 50% | D18: hora | E18: 0 | F18: 14.197568 | G18: 0
A19: 4.1 | B19: 1.1.5 | C19: Hora Extra 100% | D19: hora | E19: 0 | F19: 18.930091 | G19: 0
B20: 1.1.6 | C20: Descanso semanal remunerado (DSR) - hora extra | D20: R$ | F20: 0 | G20: 0
F21: Sub Total | G21: 2915.234
B23: 1.2 | C23: Coletor noturno
A25: 5.1 | B25: 1.2.1 | C25: Horas normais | D25: hora | E25: 220 | F25: 9.4650455 | G25: 2082.31
A26: 10.1 | B26: 1.2.1 | C26: Adicional noturno | D26: % | E26: 0.2
A27: 10.1 | B27: 1.2.1 | C27: Adicional noturno (horas trabalhadas) | D27: hora | E27: 0
B28: 1.2.2 | C28: Adicional noturno (horas contabilizadas) | D28: hora | E28: 0 | F28: 1.8930091 | G28: 0
A30: 1.1 | B30: 1.2.3 | C30: Salário mínimo nacional | D30: R$ | F30: 1621 | G30: 0
A31: 1.1 | B31: 1.2.3 | C31: Base de cálculo de insalubridade | E31: 2
A32: 1.1 | B32: 1.2.4 | C32: Adicional de Insalubridade | D32: % | E32: 0.4 | F32: 2082.31 | G32: 832.924
G33: 2915.234
A34: 3.1 | B34: 1.2.5 | C34: Hora Extra 50% | D34: hora | E34: 0 | F34: 14.197568 | G34: 0
A35: 3.1 | B35: 1.2.6 | C35: Hora Extra 50% noturna | D35: hora | E35: 0 | F35: 17.037082 | G35: 0
A36: 4.1 | B36: 1.2.7 | C36: Hora Extra 100% | D36: hora | E36: 0 | F36: 18.930091 | G36: 0
A37: 4.1 | B37: 1.2.8 | C37: Hora Extra 100% noturna | D37: hora | E37: 0 | F37: 22.716109 | G37: 0
B38: 1.2.9 | C38: Descanso semanal remunerado (DSR) - hora extra | D38: R$ | F38: 0 | G38: 0
F39: Sub Total | G39: 2915.234

Sheet INSAL. COM.
B7: PLANILHA DE COMPOSIÇÃO DE PREÇOS INSALUBRIDADE COLETA COMUM
B8: item | C8: Discriminação | D8: Unidade | E8: Quantidade | F8: R$ unitário | G8: R$ total
B9: 1. | C9: Mão de Obra Direta
B11: 1.1 | C11: Coletor diurno
A13: 5.1 | B13: =IF(C13="","",$B$11&"."&COUNT($F$13:F13)) -> 1.1.1 | C13: Horas normais | D13: hora | E13: =SUMIFS('2. DADOS DE ENTRADA'!C:C,'2. DADOS DE ENTRADA'!A:A,'INSAL. COM.'!A13,'2. DADOS DE ENTRADA'!B:B,'INSAL. COM.'!$C$11) -> 220 | F13: ='3. PREÇOS UNITÁRIOS'!$D$26/'INSAL. COM.'!E13 -> 9.4650455 | G13: =E13*F13 -> 2082.31
A14: 1.1 | B14: =IF(C14="","",$B$11&"."&COUNT($F$13:F14)) -> 1.1.2 | C14: Salário mínimo nacional | D14: R$ | F14: ='3. PREÇOS UNITÁRIOS'!$D$22 -> 1621 | G14: 0
A15: 1.1 | B15: =IF(C15="","",$B$11&"."&COUNT($F$13:F15)) -> 1.1.2 | C15: Base de cálculo de insalubridade | E15: =SUMIFS('2. DADOS DE ENTRADA'!D:D,'2. DADOS DE ENTRADA'!A:A,'INSAL. COM.'!A15,'2. DADOS DE ENTRADA'!B:B,'INSAL. COM.'!$C$11) -> 2
A16: 1.1 | B16: =IF(C16="","",$B$11&"."&COUNT($F$13:F16)) -> 1.1.3 | C16: Adicional de Insalubridade | D16: % | E16: =SUMIFS('2. DADOS DE ENTRADA'!C:C,'2. DADOS DE ENTRADA'!A:A,'INSAL. COM.'!A16,'2. DADOS DE ENTRADA'!B:B,'INSAL. COM.'!$C$11) -> 0.4 | F16: =IF(E15=2,SUM((G13+G18+G19+G20)),IF(E15=1,(SUM((G13+G18+G19+G20)))*F14/G13,0)) -> 2082.31 | G16: =E16*F16 -> 832.924
B17: =IF(C17="","",$B$11&"."&COUNT($F$13:F17)) | G17: =SUM(G13:G16) -> 2915.234
A18: 3.1 | B18: =IF(C18="","",$B$11&"."&COUNT($F$13:F18)) -> 1.1.4 | C18: Hora Extra 50% | D18: hora | E18: =SUMIFS('2. DADOS DE ENTRADA'!D:D,'2. DADOS DE ENTRADA'!A:A,'INSAL. COM.'!A18,'2. DADOS DE ENTRADA'!B:B,'INSAL. COM.'!C11) -> 0 | F18: =((G13)/E13)*1.5 -> 14.197568 | G18: =(E18)*F18 -> 0
A19: 4.1 | B19: =IF(C19="","",$B$11&"."&COUNT($F$13:F19)) -> 1.1.5 | C19: Hora Extra 100% | D19: hora | E19: =SUMIFS('2. DADOS DE ENTRADA'!D:D,'2. DADOS DE ENTRADA'!A:A,'INSAL. COM.'!A19,'2. DADOS DE ENTRADA'!B:B,'INSAL. COM.'!C11) -> 0 | F19: =((G13)/E13)*2 -> 18.930091 | G19: =(E19)*F19 -> 0
B20: =IF(C20="","",$B$11&"."&COUNT($F$13:F20)) -> 1.1.6 | C20: Descanso semanal remunerado (DSR) - hora extra | D20: R$ | F20: =63/302*(SUM(G18:G19)) -> 0 | G20: =F20 -> 0
B21: =IF(C21="","",$B$11&"."&COUNT($F$13:F21)) | F21: Sub Total | G21: =G17+G18+G19+G20 -> 2915.234
B22: =IF(C22="","",$B$11&"."&COUNT($F$13:F22)) | F22: Total Coletor diurno | G22: =G21 -> 2915.234
B24: 1.2 | C24: Coletor noturno
A26: 5.1 | B26: =IF(C26="","",$B$24&"."&COUNT($F$26:F26)) -> 1.2.1 | C26: Horas normais | D26: hora | E26: =SUMIFS('2. DADOS DE ENTRADA'!C:C,'2. DADOS DE ENTRADA'!A:A,'INSAL. COM.'!A26,'2. DADOS DE ENTRADA'!B:B,'INSAL. COM.'!$C$24) -> 220 | F26: ='3. PREÇOS UNITÁRIOS'!$D$26/'INSAL. COM.'!E13 -> 9.4650455 | G26: =E26*F26 -> 2082.31
A27: 10.1 | B27: =IF(C27="","",$B$24&"."&COUNT($F$26:F27)) -> 1.2.1 | C27: Adicional noturno | D27: % | E27: =SUMIFS('2. DADOS DE ENTRADA'!C:C,'2. DADOS DE ENTRADA'!A:A,'INSAL. COM.'!A27,'2. DADOS DE ENTRADA'!B:B,'INSAL. COM.'!$C$24) -> 0.2
A28: 10.1 | B28: =IF(C28="","",$B$24&"."&COUNT($F$26:F28)) -> 1.2.1 | C28: Adicional noturno (horas trabalhadas) | D28: hora | E28: =SUMIFS('2. DADOS DE ENTRADA'!D:D,'2. DADOS DE ENTRADA'!A:A,'INSAL. COM.'!A28,'2. DADOS DE ENTRADA'!B:B,'INSAL. COM.'!C24) -> 98.680357
B29: =IF(C29="","",$B$24&"."&COUNT($F$26:F29)) -> 1.2.2 | C29: Adicional noturno (horas contabilizadas) | D29: hora | E29: =E28*(8/7) -> 112.77755 | F29: =F26*E27 -> 1.8930091 | G29: =E29*F29 -> 213.48893
B30: =IF(C30="","",$B$24&"."&COUNT($F$26:F30)) | N30: v
A31: 1.1 | B31: =IF(C31="","",$B$24&"."&COUNT($F$26:F31)) -> 1.2.3 | C31: Salário mínimo nacional | D31: R$ | F31: ='3. PREÇOS UNITÁRIOS'!$D$22 -> 1621 | G31: 0
A32: 1.1 | B32: =IF(C32="","",$B$24&"."&COUNT($F$26:F32)) -> 1.2.3 | C32: Base de cálculo de insalubridade | E32: =SUMIFS('2. DADOS DE ENTRADA'!D:D,'2. DADOS DE ENTRADA'!A:A,'INSAL. COM.'!A32,'2. DADOS DE ENTRADA'!B:B,'INSAL. COM.'!$C$24) -> 2
A33: 1.1 | B33: =IF(C33="","",$B$24&"."&COUNT($F$26:F33)) -> 1.2.4 | C33: Adicional de Insalubridade | D33: % | E33: =SUMIFS('2. DADOS DE ENTRADA'!C:C,'2. DADOS DE ENTRADA'!A:A,'INSAL. COM.'!A33,'2. DADOS DE ENTRADA'!B:B,'INSAL. COM.'!$C$24) -> 0.4 | F33: =IF(E32=2,SUM((G26+G29+G35+G36+G37+G38+G39)),IF(E32=1,(SUM((G26+G29+G35+G36+G37+G38+G39)))*F31/G26,0)) -> 2295.7989 | G33: =E33*F33 -> 918.31957
B34: =IF(C34="","",$B$24&"."&COUNT($F$26:F34)) | G34: =SUM(G26:G33) -> 3214.1185
A35: 3.1 | B35: =IF(C35="","",$B$24&"."&COUNT($F$26:F35)) -> 1.2.5 | C35: Hora Extra 50% | D35: hora | E35: =SUMIFS('2. DADOS DE ENTRADA'!D:D,'2. DADOS DE ENTRADA'!A:A,'INSAL. COM.'!A35,'2. DADOS DE ENTRADA'!B:B,'INSAL. COM.'!C24) -> 0 | F35: =((G26)/E26)*1.5 -> 14.197568 | G35: =E35*F35 -> 0
A36: 3.1 | B36: =IF(C36="","",$B$24&"."&COUNT($F$26:F36)) -> 1.2.6 | C36: Hora Extra 50% noturna | D36: hora | E36: =SUMIFS('2. DADOS DE ENTRADA'!E:E,'2. DADOS DE ENTRADA'!A:A,'INSAL. COM.'!A36,'2. DADOS DE ENTRADA'!B:B,'INSAL. COM.'!C24)*(8/7) -> 0 | F36: =((G26)/E26)*1.5*1.2 -> 17.037082 | G36: =E36*F36 -> 0
A37: 4.1 | B37: =IF(C37="","",$B$24&"."&COUNT($F$26:F37)) -> 1.2.7 | C37: Hora Extra 100% | D37: hora | E37: =SUMIFS('2. DADOS DE ENTRADA'!D:D,'2. DADOS DE ENTRADA'!A:A,'INSAL. COM.'!A37,'2. DADOS DE ENTRADA'!B:B,'INSAL. COM.'!C24) -> 0 | F37: =((G26)/E26)*2 -> 18.930091 | G37: =E37*F37 -> 0
A38: 4.1 | B38: =IF(C38="","",$B$24&"."&COUNT($F$26:F38)) -> 1.2.8 | C38: Hora Extra 100% noturna | D38: hora | E38: =SUMIFS('2. DADOS DE ENTRADA'!E:E,'2. DADOS DE ENTRADA'!A:A,'INSAL. COM.'!A38,'2. DADOS DE ENTRADA'!B:B,'INSAL. COM.'!C24)*(8/7) -> 0 | F38: =(((G26)/E26*2*1.2)) -> 22.716109 | G38: =E38*F38 -> 0
B39: =IF(C39="","",$B$24&"."&COUNT($F$26:F39)) -> 1.2.9 | C39: Descanso semanal remunerado (DSR) - hora extra | D39: R$ | F39: =63/302*(SUM(G35:G38)) -> 0 | G39: =F39 -> 0
B40: =IF(C40="","",$B$24&"."&COUNT($F$26:F40)) | F40: Sub Total | G40: =G34+G35+G36+G37+G39+G38 -> 3214.1185
F41: Total Coletor noturno | G41: =G40 -> 3214.1185
